 Dungeon Crawl Stone Soup version 0.23-a0-143-g1adec7b (webtiles) character file.

228 Amnesiac the Cutter (level 5, -7/41 HPs)
             Began as a Mummy Monk on Sept 5, 2018.
             Was a Believer of Okawaru.
             Mangled by Menkaure (19 damage)
             ... on level 4 of the Dungeon.
             The game lasted 00:02:32 (2468 turns).

Amnesiac the Cutter (Mummy Monk)                    Turns: 2468, Time: 00:02:33

Health: -7/41      AC:  5    Str: 15    XL:     5   Next: 71%
Magic:  4/5        EV: 11    Int:  9    God:    Okawaru [**....]
Gold:   138        SH:  0    Dex: 15    Spells: 4/4 levels left

rFire    x . .     SeeInvis .   a - +1 short sword (drain)
rCold    + . .     Gourm    .   (no shield)
rNeg     + + +     Faith    .   c - +0 ring mail
rPois    ∞         Spirit   .   (no helmet)
rElec    .         Reflect  .   (no cloak)
rCorr    .         Harm     .   (no gloves)
MR       .....                  (no boots)
Stlth    +.........             (no amulet)
HPRegen  0.13/turn              (no ring)
MPRegen  0.09/turn              (no ring)

@: no status effects
A: no food or potions, fire vulnerability, cold resistance 1, negative energy
resistance 3, torment resistance, unbreathing
a: Heroism, Renounce Religion


You were on level 4 of the Dungeon.
You worshipped Okawaru.
Okawaru was pleased with you.
You were not hungry.

You visited 1 branch of the dungeon, and saw 4 of its levels.

You collected 138 gold pieces.

Inventory:

Hand Weapons
 a - a +1 short sword of draining (weapon)
Armour
 c - a +0 ring mail (worn)
Jewellery
 e - an uncursed ring of protection from fire {unknown}
Scrolls
 b - 2 scrolls of remove curse {!r, unknown}
 d - a scroll of identify {!r, unknown}


   Skills:
 - Level 3.0 Fighting
 + Level 5.4 Short Blades
 - Level 2.4 Dodging
 - Level 1.5 Stealth


You had 4 spell levels left.
You didn't know any spells.
Your spell library was empty.

Dungeon Overview and Level Annotations

Branches:
Dungeon (4/15)
 Temple: D:4-7

Altars:
Okawaru
Sif Muna
The Shining One

Annotations:
D:3 Goblin1989's ghost, amateur DsCK
D:4 Menkaure


Innate Abilities, Weirdness & Mutations

You do not eat or drink.
Your flesh is vulnerable to fire.
You are immune to poison.
Your flesh is cold resistant. (rC+)
You are immune to negative energy. (rN+++)
You are immune to unholy pain and torment.
You can survive without breathing.


Message History

You see here a worker ant corpse.
No target in view!
No target in view!
Menkaure, Prince of Dust comes into view.
Menkaure shouts!
Found a scroll labeled LYNUKA FUBBAU.
Menkaure is nearby!
Menkaure is nearby!
You aren't carrying any items that you can evoke.
You gain the combat prowess of a mighty hero.
You aren't carrying any items that you can evoke.
Unknown command.
You hit Menkaure but do no damage. Menkaure hits you.
You hit Menkaure.
Menkaure is moderately damaged.
You barely miss Menkaure.
Menkaure is moderately damaged.
Menkaure closely misses you.
You hit Menkaure but do no damage.
Menkaure is moderately damaged.
You barely miss Menkaure.
Menkaure is moderately damaged.
You hit Menkaure but do no damage.
Menkaure is moderately damaged.
Menkaure closely misses you.
You hit Menkaure.
Menkaure is heavily damaged.
You hit Menkaure.
Menkaure is heavily damaged.
Menkaure closely misses you.
You hit Menkaure.
Menkaure is severely damaged.
You closely miss Menkaure.
Menkaure is severely damaged.
Menkaure misses you.
You barely miss Menkaure.
Menkaure is heavily damaged.
You closely miss Menkaure.
Menkaure is heavily damaged.
Menkaure misses you.
You hit Menkaure but do no damage.
Menkaure is heavily damaged.
You hit Menkaure.
Menkaure is severely damaged.
Menkaure misses you.
You barely miss Menkaure.
Menkaure is severely damaged.
You hit Menkaure but do no damage.
Menkaure is severely damaged.
You feel like a meek peon again. Menkaure hits you!!
* * * LOW HITPOINT WARNING * * *
You hit Menkaure but do no damage.
Menkaure is severely damaged.
An orc comes into view. It is wielding a club.
The orc shouts!
You puncture Menkaure!
Menkaure is almost destroyed.
Menkaure hits you!
* * * LOW HITPOINT WARNING * * *
You hit Menkaure.
Menkaure is almost destroyed.
Menkaure hits you!!
You die...

#.# #.#
#o# #.#
#.# #.#
#.# #.#
#@# #M#
#......#
####.#...
. ?. # ##


You could see Menkaure and an orc.

Vanquished Creatures
  2 bullfrog skeletons (D:3)
  Jessica (D:3)
  A worker ant (D:4)
  7 adders
  2 dart slugs (D:1)
  3 leopard geckos
  An orc (D:3)
  11 goblins
  6 hobgoblins
  2 jackals (D:2)
  2 ball pythons
  7 bats
  2 frilled lizards
  7 kobolds
  10 rats
64 creatures vanquished.

Notes
Turn   | Place    | Note
-------+----------+-------------------------------------------
     0 | D:1      | Amnesiac the Mummy Monk began the quest for the Orb.
     0 | D:1      | Reached XP level 1. HP: 18/18 MP: 1/1
   200 | D:1      | Reached XP level 2. HP: 22/24 MP: 2/2
   222 | D:1      | Reached skill level 3 in Short Blades
   827 | D:2      | Reached XP level 3. HP: 21/29 MP: 3/3
  1089 | D:2      | Found a deep blue altar of Sif Muna.
  1223 | D:2      | Reached skill level 4 in Short Blades
  1312 | D:2      | Reached XP level 4. HP: 29/35 MP: 4/4
  1705 | D:3      | Found a transporter.
  1755 | D:3      | Noticed Jessica
  1763 | D:3      | Killed Jessica
  1823 | D:3      | Found an iron altar of Okawaru.
  1832 | D:3      | Became a worshipper of Warmaster Okawaru
  1832 | D:3      | Reached * piety under Okawaru
  1832 | D:3      | Reached ** piety under Okawaru
  1904 | D:3      | Found a transporter.
  1904 | D:3      | Noticed Goblin1989's ghost (amateur DsCK)
  2016 | D:3      | Found a glowing golden altar of the Shining One.
  2147 | D:3      | Reached XP level 5. HP: 24/41 MP: 5/5
  2160 | D:3      | Reached skill level 5 in Short Blades
  2447 | D:4      | Noticed Menkaure
  2468 | D:4      | Mangled by Menkaure

Vault maps used:
D:1:      tarquinn_simple_flora_water_f, serial_glass, glass_columns_a,
          glass_columns_b
D:2:      lemuel_coloured_pillars_altar
D:3:      lemuel_crystal_altar, gammafunk_ghost_mausoleum, okawaru_trees_1,
          uniq_jessica
D:4:      kennysheep_mini, minmay_temple_entry_junction, first_ration,
          uniq_ijyb, uniq_menkaure, uniq_grinder

Skill      XL: |  1  2  3  4  5 |
---------------+----------------+-----
Short Blades   | 3 4 5 |  5.4
Fighting       | |  3.0
Dodging        | |  2.4
Stealth        | |  1.5

Action                   |  1- 3 |  4- 6 || total
-------------------------+-------+-------++-------
Melee: Short sword       |   104 |    91 ||   195
Invok: Heroism           |       |     1 ||     1
 Stab: Sleeping          |     3 |     1 ||     4
Armor: Robe              |     5 |       ||     5
       Ring mail         |    11 |    24 ||    35
Dodge: Dodged            |    61 |    51 ||   112

Table legend:
 A = Non-vault XP
 B = Vault XP
 C = Vault XP percentage of total XP
 D = Non-vault monster count
 E = Vault monster count
 F = Vault count percentage of total count
                 A         B        C        D         E       F
            +---------+---------+-------+---------+---------+-------
      Total |     211 |     116 |  35.5 |      61 |       3 |   4.7
            +---------+---------+-------+---------+---------+-------
        D:1 |      33 |       0 |   0.0 |      20 |       0 |   0.0
        D:2 |      74 |       0 |   0.0 |      26 |       0 |   0.0
        D:3 |      46 |     116 |  71.6 |      12 |       3 |  20.0
        D:4 |      58 |       0 |   0.0 |       3 |       0 |   0.0
            +---------+---------+-------+---------+---------+-------
